[Event "Late-Titled-Tuesday-Blitz-January-30-2024"]
[Site "Chess.com"]
[Date "2024.01.30"]
[Round "5"]
[White "PNEPaul"]
[Black "jcmesafischer"]
[Result "1-0"]
[WhiteElo "1864"]
[BlackElo "2336"]
[TimeControl "180+1"]
[EndTime "14:57:03 PST"]
[Termination "PNEPaul won on time"]

1. e4 c5 2. Nf3 d6 3. d4 cxd4 4. c3 Nf6 5. Bd3 d5 6. e5 Nfd7 7. cxd4 e6 8. O-O b6 9. Nc3 Ba6 10. Bf4 Bxd3 11. Qxd3 a6 12. Rac1 b5 13. a3 Nb6 14.
Nd2 Nc4 15. Nxc4 bxc4 16. Qg3 Nc6 17. Rfd1 Rb8 18. Rc2 Rb3 19. h4 Qb6 20. Na4 Qb7 21. Rc3 Na5 22. Nc5 Bxc5 23. Qxg7 Be7 24. Qxh8+ Kd7 25. Qxh7 Rxb2 26. Qxf7 Nc6 27. h5 Qa7 28.
Bg5 Rb8 29. h6 Rf8 30. Qg7 Qb8 31. h7 Qb2 32. Rf3 Rxf3 33. gxf3 c3 34. h8=Q c2 35. Rc1 Qxd4 36. Qhh6 Qd1+ 37. Kg2 Qxc1 38. Bxc1 Nd4 39. Qhh7 Nf5 40. Qg5 Kc6 41. Qd2 Kd7 42. Qxc2 Kd8 43. Qa4 1-0

[Event "Late-Titled-Tuesday-Blitz-January-30-2024"]
[Site "Chess.com"]
[Date "2024.01.30"]
[Round "5"]
[White "snowlord"]
[Black "jmpion"]
[Result "1-0"]
[WhiteElo "2873"]
[BlackElo "2531"]
[TimeControl "180+1"]
[EndTime "14:57:04 PST"]
[Termination "snowlord won by checkmate"]

1. Nf3 d5 2. d4 Nf6 3. Bf4 c5 4. e3 Nc6 5. Nbd2 e6 6. c3 Bd6 7.
Bg3 O-O 8. Bd3 b6 9. e4 dxe4 10. Nxe4 Nxe4 11. Bxe4 Bb7 12. dxc5 Bxc5 13. Qa4 Qc8 14.
Bxh7+ Kxh7 15. Qh4+ Kg8 16. Ng5 Rd8 17. Qh7+ Kf8 18. Qh8+ Ke7 19. Qxg7 Rf8 20. Bh4 Ke8 21. Ne4 Nd4 22. Nf6+ Ke7 23. cxd4 Bb4+ 24. Kf1 Qc4+ 25. Kg1 Rac8 26. Bg5 Kd6 27. a3 Ba5 28. Bf4+ e5 29. Bxe5+ Kc6 30. h4 Kb5 31. b4 Qc3 32. Rf1 Bxb4 33.
axb4 Qxb4 34. h5 a5 35. h6 Ka6 36. h7 Rh8 37. Nd7 Qc4 38. Qf6 Qd5 39. Qxb6# 1-0

[Event "Late-Titled-Tuesday-Blitz-January-30-2024"]
[Site "Chess.com"]
[Date "2024.01.30"]
[Round "5"]
[White "toninhojit"]
[Black "JakubPulpan"]
[Result "0-1"]
[WhiteElo "2507"]
[BlackElo "2706"]
[TimeControl "180+1"]
[EndTime "14:57:05 PST"]
[Termination "JakubPulpan won by resignation"]

1. d4 Nf6 2. c4 h6 3. Nc3 d5 4. cxd5 Nxd5 5. e4 Nxc3 6. bxc3 b6 7. Bc4 e6 8. Nf3 Be7 9. O-O O-O 10. Qe2 Bb7 11. Re1 Nd7 12. a4 c5 13. a5 bxa5 14. d5 exd5 15. Bxd5 Bxd5 16. exd5 Bf6 17. Ra3 c4 18. Be3 Ne5 19. Nxe5 Bxe5 20. Qxc4 Bxh2+ 21. Kh1 Bd6 22. Ra2 Rc8 23. Qg4 f5 24. Qh5 Be5 25.
Bxh6 Bxc3 26. Re3 Qd6 27. Rg3 Be5 28. Rg6 Qxd5 29. Ra4 Qf7 30. Rxa5 Rc6 31. Qg5 Qxg6 32. Qxg6 Rxg6 33. Be3 f4 34. Rxe5 fxe3 35. f3 Rgf6 36. Rxe3 R6f7 37. Ra3 Ra8 38. Kh2 a5 39. Ra4 Rb7 40. Kg3 Rb4 41. Ra3 a4 42. Kh3 Rb3 0-1

[Event "Late-Titled-Tuesday-Blitz-January-30-2024"]
[Site "Chess.com"]
[Date "2024.01.30"]
[Round "5"]
[White "PawnEatingZombie"]
[Black "Balla_Tamas"]
[Result "1-0"]
[WhiteElo "2168"]
[BlackElo "2393"]
[TimeControl "180+1"]
[EndTime "14:57:05 PST"]
[Termination "PawnEatingZombie won by resignation"]

1. e4 c5 2. c3 Nf6 3. e5 Nd5 4.
Nf3 Nc6 5. Bc4 Nb6 6. Bb3 d5 7. exd6 exd6 8. O-O Be7 9. d4 cxd4 10. cxd4 d5 11. h3 O-O 12. Nc3 Bf5 13. Bf4 Rc8 14.
a4 Na5 15. Re1 Nac4 16. Qe2 Bf6 17. a5 Na8 18. Bxc4 Rxc4 19. Be5 Nc7 20. Nd2 Rb4 21. Bxc7 Qd7 22. Be5 Bg5 23. Nf3 Bh6 24. a6 b6 25. g4 Bg6 26. g5 Bxg5 27. Nxg5 f6 28. Qf3 fxe5 29. Qxd5+ Qxd5 30. Nxd5 Rxb2 31. Ne7+ Kh8 32.
Nxg6+ hxg6 33. Rf1 Rf5 34. h4 Rf4 35. dxe5 Rg4+ 36.
Kh2 Rb3 37. f3 Rxh4+ 38. Kg3 Rh5 39. Kg4 Rb4+ 40. f4 Kg8 41. Rae1 Rb3 42. e6 Kf8 43. e7+ Ke8 44. Re2 Rh8 45. Rd1 Rh4+ 46. Kxh4 1-0

[Event "Late-Titled-Tuesday-Blitz-January-30-2024"]
[Site "Chess.com"]
[Date "2024.01.30"]
[Round "5"]
[White "BogdanDeac"]
[Black "AlleyOoper"]
[Result "1-0"]
[WhiteElo "3043"]
[BlackElo "2660"]
[TimeControl "180+1"]
[EndTime "14:57:08 PST"]
[Termination "BogdanDeac won by resignation"]

1. d4 Nf6 2. Nf3 c5 3. e3 d5 4. Nbd2 cxd4 5. exd4 Nc6 6. c3 Bf5 7. Nh4 Bg4 8. Qb3 Qc7 9. h3 Bd7 10. Nhf3 Bf5 11. Nh4 Bd7 12. Ndf3 e6 13. Bd3 Bd6 14. Qd1 h6 15. Qe2 O-O-O 16. g3 e5 17. dxe5 Nxe5 18. Nxe5 Bxe5 19. Kf1 Rhe8 20. Qd1 Bxg3 21. fxg3 Qxg3 22. Nf5 Qe5 23. Nd4 Nh5 24. Qf3 Ng3+ 25.
Kg2 Nxh1 26. Bf4 Qf6 27. Rxh1 g5 28. Bg3 Qxf3+ 29. Kxf3 f5 30. Bf2 f4 31. Nf5 Bxf5 32.
Bxf5+ Kb8 33. h4 Re5 34. Bd3 Rg8 35. Rg1 Re7 36. hxg5 hxg5 37. Bd4 a5 38. a4 Kc7 39. Bc2 b6 40. Bd3 Kc6 41. b3 Kb7 42. Kg4 Re6 43. Rh1 Re7 44. Rh6 Rf7 45. Rxb6+ Kc7 46. Ra6 Kb8 47.
Be2 f3 48. Bxf3 Rf4+ 49. Kg3 1-0

[Event "Late-Titled-Tuesday-Blitz-January-30-2024"]
[Site "Chess.com"]
[Date "2024.01.30"]
[Round "5"]
[White "Mikhail_Bryakin"]
[Black "ArchibaldCerveza29"]
[Result "1-0"]
[WhiteElo "2832"]
[BlackElo "2494"]
[TimeControl "180+1"]
[EndTime "14:57:09 PST"]
[Termination "Mikhail_Bryakin won on time"]

1. e4 b6 2. d4 Bb7 3. Bd3 g6 4.
Qe2 Bg7 5. c3 d6 6. f4 a6 7. Nf3 Nd7 8. h4 h5 9. Be3 Ngf6 10. e5 Ng4 11. Nbd2 Nf8 12. O-O-O e6 13. Be4 d5 14. Bc2 Nd7 15. Ng5 Qe7 16. Kb1 c5 17. g3 b5 18. dxc5 d4 19. cxd4 Bxh1 20.
Rxh1 O-O 21. Be4 Rab8 22. Rc1 Rfc8 23. Nb3 Qd8 24. Bg1 a5 25. c6 Nf8 26. Nc5 Rb6 27. Nb7 Qc7 28. Nd6 Rcb8 29. d5 Nxe5 30. fxe5 Bxe5 31.
Ndxf7 Bf6 32. dxe6 Re8 33. Bxb6 Qxb6 34. c7 Rc8 35. Qc2 Nxe6 36. Bxg6 Nd4 37. Bh7+ Kf8 38. Qe4 Rxc7 39. Re1 Re7 40. Qa8+ 1-0

[Event "Late-Titled-Tuesday-Blitz-January-30-2024"]
[Site "Chess.com"]
[Date "2024.01.30"]
[Round "5"]
[White "Smile2005"]
[Black "ElephantChessGenius"]
[Result "1-0"]
[WhiteElo "2437"]
[BlackElo "2242"]
[TimeControl "180+1"]
[EndTime "14:57:10 PST"]
[Termination "Smile2005 won on time"]

1. e4 c5 2. Nf3 Nc6 3. Bb5 e5 4.
O-O Bd6 5. c3 a6 6. Ba4 b5 7.
Bc2 Nge7 8. a4 Bb7 9. Re1 O-O 10. d4 cxd4 11. cxd4 Nxd4 12. Nxd4 exd4 13. e5 Bb4 14. Bd2 Bxd2 15. Nxd2 Ng6 16. Nf3 Bxf3 17. Qxf3 Qc7 18. Bxg6 hxg6 19. axb5 a5 20. Qd5 Rab8 21. Red1 Rfe8 22.
Qxd4 Qxe5 23. Qxe5 Rxe5 24. Rxa5 Rbxb5 25. Rxb5 Rxb5 26.
Rd2 Kf8 27. f4 Ke7 28. Kf2 d6 29. g3 Rb3 30. Ke2 Kd7 31. Kd1 Rb5 32. Kc2 Ke6 33.
b3 d5 34. Kc3 Kd6 35. b4 Rb7 36. Kb3 Re7 37. Ka4 Kc6 38. b5+ Kc5 39. Rc2+ Kb6 40.
Rc6+ Kb7 41. Rd6 Re2 42. Rxd5 Rxh2 43. Rd7+ Kb6 44. Rxf7 Rg2 45. Rxg7 Rxg3 46. Rf7 Rg1 47. Rf6+ Kb7 48. Kb4 Rg4 49. Kc5 Rg1 50. Rf7+ Kb8 51.
Kb6 Kc8 52. Rf8+ Kd7 53. Kb7 Rf1 54. b6 g5 55. f5 g4 56. f6 g3 57. Rg8 Rxf6 58.
Rxg3 Rf1 59. Rd3+ Ke7 60. Kb8 1-0

[Event "Late-Titled-Tuesday-Blitz-January-30-2024"]
[Site "Chess.com"]
[Date "2024.01.30"]
[Round "5"]
[White "BilodeauA"]
[Black "mbojan"]
[Result "1-0"]
[WhiteElo "3034"]
[BlackElo "2865"]
[TimeControl "180+1"]
[EndTime "14:57:12 PST"]
[Termination "BilodeauA won on time"]

1. e4 a6 2. Nf3 e6 3. d4 d5 4.
Nbd2 c5 5. dxc5 Bxc5 6. Bd3 Nf6 7. Qe2 Nc6 8. O-O Qc7 9. Re1 Ng4 10. Rf1 Nf6 11.
e5 Ng4 12. Nb3 Ba7 13. Bf4 f6 14. Bg3 Ngxe5 15. Nxe5 fxe5 16. Rae1 O-O 17. Kh1 Bb8 18. c4 Qf7 19. f3 Bd6 20. a3 Bd7 21. Qc2 g6 22. Rd1 Rad8 23. Rfe1 Bc8 24. cxd5 exd5 25. Bxa6 bxa6 26. Qxc6 Bb7 27. Qb6 d4 28. Nd2 Rfe8 29.
Bxe5 Bxe5 30. Rxe5 d3 31. Rde1 Bd5 32. Re7 Qf8 33.
R7e3 Rxe3 34. Qxe3 Bf7 35. h3 Qd6 36. Ne4 Qe5 37.
Qd2 Kg7 38. Nc3 Qd4 39. Re4 Qf6 40. Rf4 Qe5 41. Re4 Qf6 42. Re3 Qd4 43. Re1 h5 44.
Nd1 h4 45. Nf2 Bc4 46. Ng4 Kf7 47. Qg5 Rd7 48. Ne5+ 1-0

[Event "Late-Titled-Tuesday-Blitz-January-30-2024"]
[Site "Chess.com"]
[Date "2024.01.30"]
[Round "5"]
[White "BigAl"]
[Black "Bkmzzzzz"]
[Result "0-1"]
[WhiteElo "2516"]
[BlackElo "2352"]
[TimeControl "180+1"]
[EndTime "14:57:12 PST"]
[Termination "Bkmzzzzz won by checkmate"]

1. Nf3 d6 2. g3 e5 3. Bg2 f5 4. O-O Nf6 5. d3 g6 6. c4 Bg7 7. Nc3 O-O 8. Bg5 c6 9. b4 a6 10. Rb1 h6 11. Bd2 Be6 12. a4 Kh7 13. b5 Nbd7 14.
e3 d5 15. bxc6 bxc6 16. cxd5 cxd5 17. Rb7 Nc5 18. Rxg7+ Kxg7 19. Nxe5 Qd6 20. d4 Nce4 21. Ne2 Nxd2 22. Qxd2 Rfc8 23. h3 a5 24. Nf4 Bf7 25. Nfd3 Ne4 26. Qd1 Be8 27. g4 Nc3 28. Qf3 fxg4 29. Qxg4 h5 30. Qg3 Ne4 31. Qh2 Bxa4 32. Bxe4 dxe4 33. Nf4 Be8 34. Kh1 Kh6 35. Rg1 Ra6 36.
Qg3 Qf6 37. Nd5 Qf5 38. Ne7 Qe6 39. Qg5+ Kh7 40. Kh2 Rc7 41. Nf5 Qxf5 42. Qd8 Rc8 43. Qe7+ Kh6 44. h4 Qxf2+ 45. Rg2 Qf6 46. Qb7 Qxh4+ 47.
Kg1 Qe1+ 48. Kh2 Qh4+ 49. Kg1 Rc1# 0-1

[Event "Late-Titled-Tuesday-Blitz-January-30-2024"]
[Site "Chess.com"]
[Date "2024.01.30"]
[Round "5"]
[White "finec2"]
[Black "stasOR4ik"]
[Result "0-1"]
[WhiteElo "2229"]
[BlackElo "2420"]
[TimeControl "180+1"]
[EndTime "14:57:13 PST"]
[Termination "stasOR4ik won on time"]

1. d4 g6 2. Bf4 Bg7 3. e3 d6 4. Nf3 Nd7 5. h3 e5 6. Bh2 Ne7 7. c4 exd4 8. exd4 O-O 9. Be2 d5 10. Nc3 dxc4 11. Bxc4 Nb6 12. Bb3 Ned5 13. O-O c6 14.
Re1 a5 15. Be5 a4 16. Nxa4 Nxa4 17. Bxa4 Re8 18. Bb3 Be6 19. a3 f6 20. Bh2 Bf7 21.
Qc2 Qb6 22. Bd6 Bh6 23. Rad1 Kg7 24. Bc4 Bf4 25. Bxf4 Nxf4 26. Bxf7 Kxf7 27. Re3 Rxe3 28. fxe3 Nd5 29. e4 Ne3 30. Ne5+ Kg7 31. Nc4 Nxc4 32.
Qxc4 Qxb2 33. e5 fxe5 34. dxe5 Qxe5 35. Rd7+ Kh6 36. Qc1+ g5 37. h4 Rg8 38. Rxb7 Qd4+ 39. Kh1 Qxh4+ 40. Kg1 Qd4+ 41. Kh1 Rd8 42. Qxc6+ Rd6 43.
Qf3 Qh4+ 0-1

[Event "Late-Titled-Tuesday-Blitz-January-30-2024"]
[Site "Chess.com"]
[Date "2024.01.30"]
[Round "5"]
[White "Charodej1"]
[Black "akanga001"]
[Result "0-1"]
[WhiteElo "2274"]
[BlackElo "1989"]
[TimeControl "180+1"]
[EndTime "14:57:13 PST"]
[Termination "akanga001 won by resignation"]

1. e4 d6 2. d4 g6 3. h4 h6 4. Nc3 Bg7 5. Bc4 b6 6. Qf3 e6 7. Nge2 Bb7 8. Be3 a6 9. a4 c5 10. h5 g5 11. Qg3 Ne7 12. f4 d5 13.
exd5 Nf5 14. Qf2 exd5 15. Bd3 Nxe3 16. Qxe3+ Qe7 17. Qxe7+ Kxe7 18. dxc5 bxc5 19. O-O-O Nd7 20. Bf5 Nf6 21. Rhe1 Rhe8 22. fxg5 hxg5 23. Nf4+ Kf8 24. Rxe8+ Rxe8 25. Nfxd5 Nxh5 26. Bg4 Ng3 27. b3 Ne4 28.
Nxe4 Rxe4 29. Bf3 Rd4 30. Rxd4 Bxd4 31. Nb6 Bxf3 32. gxf3 f5 33. Kd2 g4 34. fxg4 fxg4 35. Ke2 Ke7 36. c3 Bg1 37. Nc4 Ke6 38. Kd3 Kd5 39.
Nd2 Kc6 40. b4 cxb4 41. cxb4 g3 42. Ne4 g2 43. Ke2 Ba7 0-1

[Event "Late-Titled-Tuesday-Blitz-January-30-2024"]
[Site "Chess.com"]
[Date "2024.01.30"]
[Round "5"]
[White "GiorgianBarbosa"]
[Black "reevecanada"]
[Result "1-0"]
[WhiteElo "2471"]
[BlackElo "2598"]
[TimeControl "180+1"]
[EndTime "14:57:14 PST"]
[Termination "GiorgianBarbosa won by checkmate"]

1. c4 c6 2. g3 d5 3. Bg2 dxc4 4. Nf3 Nf6 5. O-O Nbd7 6. a4 Nc5 7. Na3 Nb3 8. Rb1 Bf5 9. d3 Nxc1 10. Rxc1 cxd3 11.
exd3 Qxd3 12. Qe1 Be4 13. Ne5 Qd5 14. Bxe4 Qxe4 15. Qa5 Qd5 16. Qc3 Ne4 17. Qb4 Nd6 18. Rfe1 e6 19. Rcd1 f6 20. Rxd5 cxd5 21. Nd3 Kf7 22.
Qd2 Ne4 23. Qc2 Bd6 24. f3 Rac8 25. Qb3 Nc5 26. Nxc5 Bxc5+ 27. Kg2 b6 28. Re2 Rhd8 29. Nb5 a6 30. Nc3 Rd7 31. f4 Rcd8 32. f5 exf5 33. Rd2 Ke6 34. Ne2 g5 35. Nd4+ Kf7 36. Nxf5 Kg6 37.
g4 d4 38. Qd3 Kf7 39. Qc4+ Kg6 40. b4 Bd6 41. Rxd4 h5 42. Rxd6 Rxd6 43. Nxd6 Rxd6 44.
Qg8+ Kh6 45. Qf8+ Kg6 46. Qxd6 hxg4 47. Qxb6 Kh5 48. Qxa6 g3 49. hxg3 f5 50. Qf6 Kg4 51. a5 f4 52. a6 fxg3 53. a7 Kh4 54. a8=Q Kg4 55. b5 Kh4 56. b6 Kg4 57. b7 Kh4 58. b8=Q Kg4 59. Qxg3+ Kh5 60. Qe8# 1-0

[Event "Late-Titled-Tuesday-Blitz-January-30-2024"]
[Site "Chess.com"]
[Date "2024.01.30"]
[Round "5"]
[White "NovakRatko"]
[Black "igorknyazev"]
[Result "0-1"]
[WhiteElo "2391"]
[BlackElo "2151"]
[TimeControl "180+1"]
[EndTime "14:57:15 PST"]
[Termination "igorknyazev won by checkmate"]

1. d4 Nf6 2. c4 c5 3. dxc5 Qa5+ 4. Nc3 e6 5. a3 Bxc5 6. e3 O-O 7. Bd2 Qc7 8. Nb5 Qd8 9. b4 Be7 10. c5 Ne4 11.
Bc1 a6 12. Nd4 Bf6 13. Bb2 d5 14. Bd3 Bd7 15. Bxe4 dxe4 16. Nge2 e5 17. Nb3 Bb5 18. Ng3 Qd3 19. Qxd3 exd3 20. e4 Nc6 21. a4 Bc4 22.
Nd2 Be6 23. Bc3 Nd4 24. Bxd4 exd4 25. Ra3 a5 26. b5 Be7 27. Rxd3 Bxc5 28. O-O Rfd8 29.
f4 f6 30. Kf2 Rac8 31. Kf3 Bb4 32. Rd1 g6 33. Nb1 Bc5 34. f5 Bc4 35. R3d2 Bb3 36.
Rc1 Bxa4 37. Rb2 b6 38. fxg6 hxg6 39. Nd2 Ba3 40. Rxc8 Rxc8 41. Ra2 Rc3+ 42. Kf4 Bxb5 43. Nb1 Bd6+ 44. e5 Bxe5+ 45. Kg4 Bd7+ 46. Kh4 Bxg3+ 47. hxg3 Rc1 48. Nd2 Rh1# 0-1

[Event "Late-Titled-Tuesday-Blitz-January-30-2024"]
[Site "Chess.com"]
[Date "2024.01.30"]
[Round "5"]
[White "masnyszachistaaa"]
[Black "Byniolus"]
[Result "0-1"]
[WhiteElo "2552"]
[BlackElo "2851"]
[TimeControl "180+1"]
[EndTime "14:57:16 PST"]
[Termination "Byniolus won on time"]

1. e4 d5 2. exd5 Nf6 3. Bb5+ Bd7 4. Be2 Nxd5 5. d4 Bf5 6. a3 e6 7. Nf3 Be7 8. O-O O-O 9. c4 Nb6 10. Nc3 Nc6 11. Be3 Bf6 12. Rc1 Qe7 13. b4 Rfd8 14. c5 Nd5 15. Nxd5 Rxd5 16. Bc4 Rd7 17. Bb5 Be4 18. Qe2 a6 19. Ba4 Rad8 20. Rfd1 h6 21.
h3 Bd5 22. Rd2 Ra8 23. Rcd1 b5 24. cxb6 cxb6 25. Ne5 Bxe5 26. Bxc6 Bh2+ 27. Kxh2 Qd6+ 28. Kg1 Qxc6 29. Rc2 Qb7 30. Rdc1 Bxg2 31. Qg4 Be4 32. Bxh6 f5 33. Qg6 Bxc2 34. Rxc2 Qe4 35. Rc3 Qxd4 36.
Re3 Qf6 37. Qxf6 gxf6 38. Rxe6 b5 39. Rxf6 Rf7 40. Rb6 Kh7 41. Be3 Rg8+ 42. Kf1 Rg6 43. Rb8 f4 44. Bc5 f3 45. Ra8 Re6 46. h4 Re4 47.
Be3 Rxh4 48. Ke1 Rd7 0-1

[Event "Late-Titled-Tuesday-Blitz-January-30-2024"]
[Site "Chess.com"]
[Date "2024.01.30"]
[Round "5"]
[White "Kleyton_Lima"]
[Black "FontVella8"]
[Result "1-0"]
[WhiteElo "2590"]
[BlackElo "2731"]
[TimeControl "180+1"]
[EndTime "14:57:16 PST"]
[Termination "Kleyton_Lima won on time"]

1. e4 c6 2. d4 d5 3. e5 Bf5 4. h4 h5 5. Bd3 Bxd3 6. Qxd3 Qa5+ 7. Nd2 e6 8. Nf3 Nh6 9. O-O Nf5 10. Nb3 Qa6 11. Qd1 Nd7 12. Bg5 c5 13. dxc5 Bxc5 14. Nxc5 Nxc5 15. Nd4 Nxd4 16. Qxd4 Rc8 17. c3 Ne4 18.
Be3 b6 19. a4 Rc4 20. Qd3 Qb7 21. a5 b5 22. a6 Qd7 23. Bd4 O-O 24. Qe3 Rc7 25.
f3 Ng3 26. Rfd1 Nf5 27. Qg5 Qe7 28. Qxh5 Qxh4 29. Qxh4 Nxh4 30. b4 Nf5 31. Bc5 Rfc8 32. g4 Ne7 33. Ra5 Ng6 34. Rxb5 Nxe5 35. Kf2 Nc4 36.
Ke2 f6 37. f4 Kf7 38. Rh1 e5 39. f5 d4 40. cxd4 exd4 41. Bxd4 Nd6 42. Rc5 Re7+ 43. Kd3 Rb8 44. b5 Rxb5 45. Rxb5 Nxb5 46. Bc5 Rd7+ 47.
Kc4 Nc7 48. Rh8 g5 49. Rh7+ Ke8 50. Rh6 Nd5 51. Rh8+ Kf7 52. Rh7+ Ke8 53. Rxd7 1-0

[Event "Late-Titled-Tuesday-Blitz-January-30-2024"]
[Site "Chess.com"]
[Date "2024.01.30"]
[Round "5"]
[White "Walter_White_Poland"]
[Black "Zura_19"]
[Result "0-1"]
[WhiteElo "2317"]
[BlackElo "2544"]
[TimeControl "180+1"]
[EndTime "14:57:16 PST"]
[Termination "Zura_19 won by resignation"]

1. e4 c6 2. d4 d5 3. f3 e6 4.
Nc3 Nf6 5. e5 Nfd7 6. f4 c5 7.
Nf3 Nc6 8. Be3 cxd4 9. Nxd4 Bc5 10. Qd2 O-O 11. O-O-O a6 12. h4 Nxd4 13. Bxd4 b5 14. f5 Qc7 15. f6 Bxd4 16. Qxd4 Qxe5 17. fxg7 Re8 18. Qf2 Bb7 19. Bd3 Nc5 20. Qxc5 Rac8 21. Qf2 b4 22. Rdf1 Rc7 23. Ne2 Rec8 24. Nd4 a5 25.
Rh3 a4 26. Rf3 f5 27. Nxe6 Qxe6 28. Rxf5 Qh6+ 29. Kb1 Kxg7 30. Rf7+ Kg8 31. Bxh7+ Qxh7 32. Rxh7 Rxh7 33. Qg3+ Rg7 34. Qe5 b3 35. Qe6+ Kh8 36. axb3 axb3 37. Qh6+ Rh7 38. Qf6+ Rg7 39. cxb3 d4 40.
Qxd4 Bxg2 41. Rg1 Be4+ 42. Ka2 Ra8+ 43. Qa4 Rxa4+ 44. bxa4 Rxg1 0-1

[Event "Late-Titled-Tuesday-Blitz-January-30-2024"]
[Site "Chess.com"]
[Date "2024.01.30"]
[Round "5"]
[White "Durarbayli"]
[Black "aghasiyevkamal"]
[Result "0-1"]
[WhiteElo "2898"]
[BlackElo "2659"]
[TimeControl "180+1"]
[EndTime "14:57:17 PST"]
[Termination "aghasiyevkamal won on time"]

1. e4 e5 2. Nf3 Nc6 3. d4 exd4 4. Nxd4 Bc5 5. Nb3 Bb6 6. Qe2 Nf6 7. e5 Nd5 8. c4 Nde7 9. c5 Ba5+ 10. Nxa5 Nxa5 11. Bg5 O-O 12. Nc3 h6 13. Bh4 g5 14. Bg3 Nf5 15. O-O-O Nc6 16. Qe4 d6 17. h4 Re8 18. hxg5 Nxg3 19. fxg3 Qxg5+ 20. Qf4 Rxe5 21. cxd6 Be6 22. dxc7 Rc8 23. Rxh6 Rf5 24. Qxg5+ Rxg5 25. Ne4 Re5 26. Bd3 Rxc7 27. Nf6+ Kg7 28. Rg6+ fxg6 29. Ne8+ Kh6 30. Nxc7 Bxa2 31. Nb5 Rc5+ 32. Nc3 Ne5 33. Be4 b5 34. Kd2 Bb3 35. Rh1+ Kg7 36. Ke3 Nc4+ 37. Kd4 Rg5 38. Bd5 Rg4+ 39. Kc5 Rxg3 40. Ne4 Rxg2 41. Rf1 Rc2 42.
Rf7+ Kh6 43. Kb4 Rxb2 44. Rxa7 Ne3 45. Kc3 Bxd5 46. Kxb2 Bxe4 47. Re7 Nc4+ 48. Kc3 Bf5 49. Re5 Nxe5 0-1

[Event "Late-Titled-Tuesday-Blitz-January-30-2024"]
[Site "Chess.com"]
[Date "2024.01.30"]
[Round "5"]
[White "Yaacovn"]
[Black "Noki102"]
[Result "1-0"]
[WhiteElo "2807"]
[BlackElo "2520"]
[TimeControl "180+1"]
[EndTime "14:57:17 PST"]
[Termination "Yaacovn won by resignation"]

1. d4 d5 2. Nf3 Nf6 3. Bf4 c5 4. c3 Nc6 5. e3 Qb6 6. Qc2 cxd4 7. exd4 Bf5 8. Qb3 e6 9. Nbd2 Nh5 10. Be3 Bd6 11.
g3 Nf6 12. Bg2 Bd3 13. Bg5 Ne4 14. Nxe4 dxe4 15. Nd2 f5 16. Qxe6+ Ne7 17. Bxe7 Bxe7 18. Qxb6 axb6 19. Bf1 Bc2 20. Nc4 Bb3 21. Nxb6 Rxa2 22. Bb5+ Kf7 23. Rxa2 Bxa2 24. Bc4+ Bxc4 25. Nxc4 b5 26.
Ne5+ Ke6 27. Kd2 Ra8 28. Nc6 Bd6 29. f4 exf3 30. Re1+ Kd5 31. Ne7+ Bxe7 32. Rxe7 Ra2 33. Re5+ Kc6 34. Kc2 g6 35. Re3 f2 36. Rf3 b4 37. c4 Ra1 38. Rxf2 Re1 39. Kb3 Re4 40.
Rd2 g5 41. Kxb4 f4 42. gxf4 gxf4 43. d5+ Kd6 44. Rf2 Ke5 45. Kc5 Re3 46. b4 f3 47. b5 Ke4 48. b6 Re2 49. Rf1 Ke3 50. d6 Rf2 51. Rxf2 Kxf2 52. d7 Kg1 53. d8=Q h5 54.
Qd4+ f2 55. Qxf2+ Kh1 56. Qh4 1-0

[Event "Late-Titled-Tuesday-Blitz-January-30-2024"]
[Site "Chess.com"]
[Date "2024.01.30"]
[Round "5"]
[White "Zq1"]
[Black "GaiozNigalidze"]
[Result "0-1"]
[WhiteElo "2506"]
[BlackElo "2697"]
[TimeControl "180+1"]
[EndTime "14:57:18 PST"]
[Termination "GaiozNigalidze won on time"]

1. d4 Nf6 2. c4 c5 3. Nf3 cxd4 4. Nxd4 e5 5. Nb5 d5 6. cxd5 Bc5 7. N5c3 Bf5 8. g3 O-O 9. Bg2 e4 10. O-O Nbd7 11.
Bg5 h6 12. Bxf6 Nxf6 13. e3 Re8 14. Nd2 Qe7 15. Nb3 Rad8 16. Nxc5 Qxc5 17. Rc1 Nxd5 18. Qb3 Nxc3 19. Rxc3 Qe7 20. h3 Rd2 21. Rfc1 Be6 22.
Qa3 Qf6 23. Rf1 b5 24. Qxa7 Bc4 25. Rxc4 bxc4 26. Qa4 Qe6 27. Rc1 Rxb2 28. Qxc4 Qxc4 29. Rxc4 f5 30. g4 g6 31. h4 f4 32. Rxe4 Rxe4 33. Bxe4 fxe3 34. fxe3 g5 35. hxg5 hxg5 36. Bd5+ Kg7 37.
e4 Kf6 38. Kf1 Ke5 39. Ke1 Kf4 40. Kd1 Kxg4 41. Kc1 Rb4 42. Kc2 Kf4 43. Kc3 Rb1 44.
a4 g4 45. a5 Ra1 46. Kb4 Ke5 0-1

[Event "Late-Titled-Tuesday-Blitz-January-30-2024"]
[Site "Chess.com"]
[Date "2024.01.30"]
[Round "5"]
[White "Inepton_Fermion"]
[Black "jinxy2009"]
[Result "0-1"]
[WhiteElo "2400"]
[BlackElo "2226"]
[TimeControl "180+1"]
[EndTime "14:57:18 PST"]
[Termination "jinxy2009 won on time"]

1. e4 c6 2. d4 d5 3. exd5 cxd5 4.
c3 Nc6 5. Nf3 Nf6 6. Bf4 Bf5 7.
Bd3 Bxd3 8. Qxd3 e6 9. O-O Bd6 10. Bxd6 Qxd6 11. Nbd2 O-O 12. Rfe1 Ne7 13. Ne5 Rac8 14.
Qe2 Ng6 15. Nd3 b6 16. g3 Rc7 17. h4 b5 18. a3 a5 19. Nc5 b4 20. axb4 axb4 21.
cxb4 Qb6 22. Nf3 Ne4 23. h5 Ne7 24. Ne5 Rd8 25. h6 Nf5 26. hxg7 Nxd4 27. Qg4 Nf5 28.
Nxe4 dxe4 29. Rxe4 Rc2 30. Rf4 Qb7 31. Nf3 Rxb2 32. Nh4 Rxb4 33. Nxf5 Rxf4 34. Qxf4 exf5 35. Qxf5 Qe7 36. Rf1 Kxg7 37. Qg4+ Kh8 38. Rc1 Rg8 39. Qd4+ f6 40. Rd1 Rg6 41. Kg2 Kg7 42. Qc5 Qxc5 43. Rd7+ Kh6 44. Rd3 Rg5 45. Rf3 Rf5 0-1

[Event "Late-Titled-Tuesday-Blitz-January-30-2024"]
[Site "Chess.com"]
[Date "2024.01.30"]
[Round "5"]
[White "bazar-wokzal"]
[Black "Defend1r"]
[Result "1-0"]
[WhiteElo "2604"]
[BlackElo "2526"]
[TimeControl "180+1"]
[EndTime "14:57:20 PST"]
[Termination "bazar-wokzal won by checkmate"]

1. e4 c5 2. c3 Nf6 3. e5 Nd5 4. d4 cxd4 5. cxd4 d6 6. Bc4 Nc6 7. Bxd5 Bf5 8. Bxc6+ bxc6 9. Qf3 Qd7 10. Nc3 g6 11.
Nge2 Bg7 12. exd6 exd6 13. Qe3+ Kf8 14. O-O Re8 15. Qg3 h5 16. h4 Bf6 17. Bg5 Qe7 18.
Bxf6 Qxf6 19. Rfe1 Kg7 20. Qg5 Qe6 21. Kh2 Qc4 22.
Ng3 Be6 23. d5 cxd5 24. Rad1 f6 25. Qd2 Qxh4+ 26. Kg1 Bg4 27. Rxe8 Rxe8 28. Re1 Rxe1+ 29. Qxe1 Qg5 30. Qe7+ Kg8 31. Qxd6 h4 32. Qxd5+ Qxd5 33. Nxd5 Be6 34. Ne4 f5 35. Nec3 Kf7 36. b4 g5 37. a4 f4 38. b5 Bd7 39. Nb4 Ke6 40. Ne4 g4 41. Nc5+ Kd6 42. Nxd7 Kxd7 43. Nd5 Kd6 44. Nxf4 Kc5 45. Nd3+ Kc4 46. Ne5+ Kb4 47.
Nc6+ Kxa4 48. Nxa7 Ka5 49. f4 gxf3 50. gxf3 Kb6 51. Nc6 Kxb5 52. Ne5 Kc5 53. Ng6 h3 54. Nf4 Kd4 55. Nxh3 Ke5 56. Kf2 Kf5 57. Ke3 Ke5 58.
f4+ Kf5 59. Kf3 Kf6 60. Ke4 Ke6 61. f5+ Kf6 62. Kf4 Ke7 63. Ke5 Kf7 64. f6 Kf8 65. Kf5 Kf7 66. Ng5+ Kf8 67. Kg6 Kg8 68. f7+ Kh8 69.
f8=Q# 1-0

[Event "Late-Titled-Tuesday-Blitz-January-30-2024"]
[Site "Chess.com"]
[Date "2024.01.30"]
[Round "5"]
[White "Narek_Ghimoyan"]
[Black "Bala-Afiada"]
[Result "1-0"]
[WhiteElo "2375"]
[BlackElo "2031"]
[TimeControl "180+1"]
[EndTime "14:57:20 PST"]
[Termination "Narek_Ghimoyan won on time"]

1. d4 Nf6 2. c4 e6 3. Nf3 d5 4. Nc3 c6 5. e3 Bd6 6. Bd3 O-O 7. e4 dxe4 8. Nxe4 Nxe4 9. Bxe4 h6 10. O-O Nd7 11.
b3 e5 12. dxe5 Nxe5 13. Bb2 Qc7 14. Nxe5 Bxe5 15. Bxe5 Qxe5 16. Re1 Qc7 17. Qc2 Be6 18. g3 Rad8 19. Rad1 Rxd1 20. Rxd1 Rd8 21. Rxd8+ Qxd8 22. Bh7+ Kf8 23. Bf5 Qd7 24. Bxe6 Qxe6 25. Qd2 Kg8 26.
h4 Qf6 27. Kg2 g6 28. Qxh6 Qb2 29. Qf4 Qxa2 30. Qb8+ Kg7 31. Qxb7 c5 32. Qd5 Qxb3 33.
Qxc5 Qc2 34. Qxa7 Qe4+ 35. Kh2 Qxc4 36. Qe3 Qc2 37. g4 Kg8 38. Kg3 Qc7+ 39. Qf4 Qc3+ 40. Qf3 Qc7+ 41. Kh3 Qc1 42. h5 Qf1+ 43. Kh4 gxh5 44.
gxh5 Qb5 45. Qg4+ Kf8 46. Qf4 Qf1 47. Qh6+ Ke7 48. Qe3+ Kf8 49. Qc5+ Kg7 50. Qg5+ Kf8 51. Qg3 Qc4+ 52. f4 Qf1 53. h6 Qh1+ 54. Kg5 Qd5+ 55. f5 Qd2+ 56. Kh5 Qd1+ 57. Qg4 Qh1+ 58. Kg5 Qc1+ 59.
Qf4 Qg1+ 60. Kf6 Qb6+ 61. Ke5 Qb2+ 62. Qd4 Qe2+ 63. Kf6 1-0